 Dungeon Crawl Stone Soup version 0.19.5 (webtiles) character file.

44 LoaM the Grave Robber (level 3, 0/24 HPs)
             Began as a Vampire Necromancer on Mar 25, 2017.
             Slain by a ball python (1 damage)
             ... on level 2 of the Dungeon.
             The game lasted 00:13:59 (1965 turns).

LoaM the Grave Robber (Vampire Necromancer)         Turns: 1965, Time: 00:13:59

Health: 0/24       AC:  2    Str:  7    XL:     3   Next: 39%
Magic:  2/6        EV: 10    Int: 18    God:
Gold:   36         SH:  0    Dex: 14    Spells: 1 memorised, 5 levels left

rFire  . . .     SeeInvis +     i - +0 mace
rCold  + + .     Gourm    .     l - +0 robe
rNeg   + + +     Faith    .     (no shield)
rPois  ∞         Spirit   .     (no helmet)
rElec  .         Reflect  .     (no cloak)
rCorr  .         Harm     .     (no gloves)
MR     .....                    (no boots)
Stlth  ++++......               (no amulet)
                                (no ring)
                                (no ring)

@: bloodless, non-regenerating, constricted
A: fangs 3, see invisible, unbreathing
a: Bat Form


You were on level 2 of the Dungeon.
You were bloodless.

You visited 1 branch of the dungeon, and saw 2 of its levels.

You collected 36 gold pieces.

Inventory:

Hand Weapons
 d - a -2 hand axe
 e - a +0 dagger
 f - a +0 club
 i - a +0 mace (weapon)
 k - a +0 short sword
Missiles
 g - 12 stones (quivered)
 h - 42 sling bullets
Armour
 a - a +0 robe
 l - a +0 robe (worn)
Scrolls
 j - a scroll of teleportation
Potions
 c - a potion of blood
Books
 b - a book of Necromancy

   Spells                             Type                      Level
   a - Pain                           Necromancy                   1
   b - Animate Skeleton               Necromancy                   1
   c - Vampiric Draining              Necromancy                   3
   d - Regeneration                   Charms/Necromancy            3
   e - Animate Dead                   Necromancy                   4
   f - Control Undead                 Necromancy                   4
Comestibles
 m - a beef jerky


   Skills:
 + Level 0.1 Maces & Flails
 + Level 2.9 Dodging
 + Level 3.2 Stealth
 + Level 2.2 Spellcasting
 + Level 5.0 Necromancy


You had 5 spell levels left.
You knew the following spells:

 Your Spells              Type           Power        Failure   Level  Hunger
a - Pain                  Necr           ###.         1%          1    #......


Dungeon Overview and Level Annotations

Branches:
Dungeon (2/15)

Altars:


Innate Abilities, Weirdness & Mutations

You do not heal naturally.
You are immune to poison.
You have razor-sharp teeth.
You have supernaturally acute eyesight. (SInv)
You can survive without breathing.


Message History

You kill Ijyb!
Your Necromancy skill increases to level 5!
You have reached level 3!
Your experience leads to an increase in your attributes!
Increase (S)trength, (I)ntelligence, or (D)exterity?
You feel clever.
You can now transform into a vampire bat.
The ball python barely misses you. The ball python grabs you.
* * * LOW HITPOINT WARNING * * *
The ball python constricts you.
You escape the ball python's grasp.
The ball python bites you.
* * * LOW HITPOINT WARNING * * *
The ball python misses you. The ball python completely misses you.
The ball python barely misses you. The ball python bites you.
* * * LOW HITPOINT WARNING * * *
The ball python barely misses you. The ball python misses you.
The ball python grabs you.
You die...

### #<# #.#
###.#####
#.......#
#.......#
#.......###
#.......@.##
###.#####S.#
...# ##.#
##### #.##
#..# ##)###
######)..#####
#.............
##............


You could see a ball python.

Vanquished Creatures
  Ijyb (D:2)
  A dart slug (D:1)
  A leopard gecko (D:1)
  A bat (D:1)
  A giant cockroach (D:1)
  2 goblins (D:1)
  A hobgoblin (D:1)
  2 kobolds
  2 frilled lizards
  5 rats (D:1)
17 creatures vanquished.

Notes
Turn   | Place    | Note
-------+----------+-------------------------------------------
     0 | D:1      | LoaM the Vampire Necromancer began the quest for the Orb.
     0 | D:1      | Reached XP level 1. HP: 13/13 MP: 3/3
   946 | D:1      | Reached XP level 2. HP: 11/19 MP: 0/5
  1936 | D:2      | Noticed Ijyb
  1958 | D:2      | Killed Ijyb
  1958 | D:2      | Reached skill level 5 in Necromancy
  1958 | D:2      | Reached XP level 3. HP: 5/24 MP: 1/6
  1965 | D:2      | HP: 1/24 [ball python (2)]
  1965 | D:2      | Slain by a ball python

Skill      XL: |  1  2 |
---------------+-------+-----
Necromancy     | 5 |  5.0
Maces & Flails | |  0.1
Dodging        | |  2.9
Stealth        | |  3.2
Spellcasting   | |  2.2

Action                   || total
-------------------------++-------
Melee: Mace              ||    17
       Hand axe          ||     1
 Cast: Pain              ||    26
  Use: Scroll            ||     2
       Potion            ||     2
 Stab: Sleeping          ||     1
Armor: Robe              ||     7
Dodge: Dodged            ||    42
